 Dungeon Crawl Stone Soup version 0.28-a0-1080-g05a166d0ed (webtiles) character file.

Game seed: 12136203268231231742

276482 RepHenryClay the Impregnable (level 19, -4/177 HPs)
             Began as a Minotaur Gladiator on Dec 9, 2021.
             Was the Champion of Jiyva.
             Slain by a deep elf blademaster (5 damage)
             ... on level 3 of the Elven Halls.
             The game lasted 01:17:25 (36699 turns).

RepHenryClay the Impregnable (Minotaur Gladiator)  Turns: 36699, Time: 01:17:26

Health: -4/177     AC: 29    Str: 25    XL:     19   Next: 58%
Magic:  18/18      EV: 22    Int:  9    God:    Jiyva [******]
Gold:   2401       SH:  5    Dex: 18    Spells: 18/18 levels left

rFire   + . .      SeeInvis +   a - +8 lajatang (vamp)
rCold   . . .      Faith    .   (shield currently unavailable)
rNeg    + . .      Spirit   .   t - +2 plate armour of Joy {Dex+4 SInv}
rPois   +          Reflect  +   (helmet restricted)
rElec   .          Harm     .   W - +2 cloak {rF+}
rCorr   +          Rampage  .   (no gloves)
Will    +....                   h - +2 pair of boots {Fly}
Stlth   ..........              e - amulet "Nugiullowo" {Reflect +Blink rPois rCorr SH+5}
HPRegen 1.99/turn               r - +4 ring of evasion
MPRegen 0.66/turn               u - ring of positive energy

@: flying, studying Long Blades
A: horns 2, retaliatory headbutt, iridescent scales 1, see invisible, clever 2,
deformed body, eyeballs 3, gelatinous body 1, translucent skin 1
}: 2/15 runes: decaying, gossamer
a: Renounce Religion, Evoke Blink, Oozemancy, Slimify


You were on level 3 of the Elven Halls.
You worshipped Jiyva.
Jiyva was exalted by your worship.
You visited 8 branches of the dungeon, and saw 36 of its levels.
You also visited: Ice Cave and Volcano.

You collected 3098 gold pieces.
You spent 697 gold pieces at shops.

Inventory:

Hand Weapons
 a - a +8 vampiric lajatang (weapon)
 b - a +1 quarterstaff
 H - a +3 executioner's axe of draining
 M - a +3 eveningstar of electrocution
 Y - the +4 lajatang "Ogreslayer" {elec, rF+ rC+}
   (You acquired it on level 5 of the Lair of Beasts)

   It occasionally discharges a powerful burst of electricity upon striking a
   foe.
   rF:        It protects you from fire.
   rC:        It protects you from cold.
Missiles
 d - a throwing net
 y - 67 poisoned darts (quivered)
 J - 5 curare-tipped darts
 S - 7 javelins
Armour
 h - a +2 pair of boots of flying (worn)
 t - the +2 plate armour of Joy (worn) {Dex+4 SInv}
   (You found it on level 1 of the Orcish Mines)

   Dex:       It affects your dexterity (+4).
   SInv:      It lets you see invisible.
 G - a +1 buckler of cold resistance
 N - a +2 buckler of positive energy
 R - a +0 kite shield of reflection
 W - a +2 cloak of fire resistance (worn)
 Z - a +1 plate armour of cold resistance
Jewellery
 e - the amulet "Nugiullowo" (around neck) {Reflect +Blink rPois rCorr SH+5}
   (You acquired it on level 7 of the Dungeon)

   [amulet of reflection]

   It reflects blocked missile attacks.
   rPois:     It protects you from poison.
   +Blink:    It lets you blink.
   rCorr:     It protects you from acid and corrosion.
   SH:        It affects your SH (+5).
 r - a +4 ring of evasion (left hand)
 u - a ring of positive energy (right hand)
 C - a +4 ring of evasion
 T - a ring of flight
 U - an amulet of regeneration
 V - a ring of protection from cold
Wands
 c - a wand of acid (5)
 q - a wand of digging (8)
 s - a wand of charming (13)
 D - a wand of paralysis (11)
 K - a wand of iceblast (9)
Scrolls
 g - 16 scrolls of identify {@r1}
 j - a scroll of vulnerability {unknown}
 l - a scroll of fog
 n - 9 scrolls of teleportation
 p - 4 scrolls of blinking
 w - 5 scrolls of amnesia
 B - 5 scrolls of magic mapping
 E - 3 scrolls of enchant armour
 O - 2 scrolls of torment
 P - a scroll of fear
Potions
 f - 2 potions of ambrosia
 i - 4 potions of flight
 k - 5 potions of heal wounds
 m - 6 potions of might
 o - 5 potions of mutation
 v - 6 potions of attraction
 x - 2 potions of curing
 A - 5 potions of invisibility
 F - 3 potions of haste
 L - a potion of resistance
 Q - 5 potions of magic
 X - 2 potions of cancellation
Miscellaneous
 z - a condenser vane (inert)
 I - a lightning rod (4/4)


   Skills:
 + Level 17.1 Fighting
 - Level 14.0 Staves
 - Level 14.9 Throwing
 + Level 24.9 Armour
 + Level 15.9 Dodging
 - Level 11.2 Evocations


You had 18 spell levels left.
You didn't know any spells.
Your spell library contained the following spells:

 Spells                   Type           Power      Damage    Failure   Level
 Animate Skeleton         Necr           0%         N/A       83%         1
 Apportation              Tloc           0%         N/A       83%         1
 Magic Dart               Conj           0%         1d3       83%         1
 Sandblast                Erth           0%         2d4       83%         1
 Summon Small Mammal      Summ           0%         N/A       83%         1
 Call Imp                 Summ           0%         N/A       93%         2
 Passwall                 Tmut/Erth      0%         N/A       93%         2
 Sublimation of Blood     Necr           0%         N/A       93%         2
 Mephitic Cloud           Conj/Pois/Air  0%         N/A       99%         3
 Stone Arrow              Conj/Erth      0%         3d7       99%         3
 Hailstorm                Conj/Ice       0%         3d3       100%        4
 Ice Form                 Ice/Tmut       0%         N/A       100%        4
 Petrify                  Tmut/Erth      0%         N/A       100%        4
 Fireball                 Conj/Fire      0%         3d3       100%        5
 Freezing Cloud           Conj/Ice/Air   0%         6-21      100%        5
 Irradiate                Conj/Tmut      0%         3d13      100%        5
 Iskenderun's Battlesphe  Conj           0%         2d6       100%        5
 Conjure Ball Lightning   Conj/Air       0%         3x3d6     100%        6
 Simulacrum               Ice/Necr       0%         N/A       100%        6
 Starburst                Conj/Fire      0%         6d3       100%        6
 Orb of Destruction       Conj           0%         N/A       100%        7
 Ignition                 Fire           0%         3d3       100%        8
 Polar Vortex             Ice            0%         N/A       100%        9


Dungeon Overview and Level Annotations

Branches:
Dungeon (15/15)            Temple (1/1) D:4            Lair (6/6) D:8
  Swamp (4/4) Lair:4       Spider (4/4) Lair:3        Slime (1/5) Lair:6
    Orc (2/2) D:12            Elf (3/3) Orc:2        Depths (0/4) D:15
  IceCv (visited)         Volcano (visited)
 Vaults: D:13-14

Altars:
Ashenzari
Cheibriados
Dithmenos
Elyvilon
Fedhas
Gozag
Hepliaklqana
Kikubaaqudgha
Makhleb
Nemelex Xobeh
Okawaru
Qazlal
Ru
Sif Muna
Trog
Uskayaw
Vehumet
Wu Jian
Xom
Yredelemnul
Zin
The Shining One
Beogh
Jiyva

Shops:
D:2 *   D:9 [   Orc:2 ([?!   Elf:1 [

Annotations:
D:3 3 runed translucent doors, Strat's ghost, amateur NaHu
D:13 exclusion: orange crystal statue
D:15 2 transporters, Sapheram's ghost, journeyman DsGl


Innate Abilities, Weirdness & Mutations

You have a pair of horns on your head.
You reflexively headbutt those who attack you in melee.
You are partially covered in iridescent scales. (AC +2)
You have supernaturally acute eyesight. (SInv)
Your mind is very acute. (Int +4)
Armour fits poorly on your strangely shaped body.
Your body is covered in eyes which may confuse attackers. (Acc +7, SInv)
Your rubbery body absorbs attacks. (AC +1, EV +1)
Your translucent skin slightly reduces your foes' accuracy. (Stealth+)


Message History

You are more poisoned.
Huge Dmg: -20%(-36hp) hp: 61%(107hp)
You miss the deep elf blademaster. You headbutt the deep elf blademaster!
The deep elf blademaster is moderately wounded.
You feel very sick.
You block the deep elf blademaster's attack.
The deep elf blademaster completely misses you.
Damage: -1%(-2hp) hp: 60%(105hp)
You feel very sick.
The deep elf blademaster barely misses you.
You furiously retaliate!
You headbutt the deep elf blademaster!
The deep elf blademaster hits you but does no damage.
Damage: -1%(-2hp) hp: 59%(103hp)
You feel very sick.
The reaper hits you from afar with a +0 scythe of venom!!
* * * LOW HITPOINT WARNING * * *
You hear a shout!
Huge Dmg: -19%(-33hp) hp: 40%(70hp)
You slash the deep elf annihilator! You headbutt the deep elf annihilator.
The deep elf annihilator is heavily wounded.
You feel sick.
The deep elf blademaster hits you but does no damage.
The deep elf blademaster closely misses you.
You slash the deep elf annihilator!
You feel better.
You headbutt the deep elf annihilator.
The deep elf annihilator is severely wounded.
You feel sick.
The deep elf blademaster hits you but does no damage. x2
The deep elf annihilator points at you and mumbles some strange words.
The crystal spear hits you!!!
* * * LOW HITPOINT WARNING * * *
You shudder from the blast and a jelly pops out!
The reaper hits you from afar with a +0 scythe of venom!!
* * * LOW HITPOINT WARNING * * *
Huge Dmg: -38%(-68hp) hp: 2%(2hp)
You feel better.
The deep elf blademaster hits you with a +0 rapier!
* * * LOW HITPOINT WARNING * * *
The deep elf blademaster hits you with a +0 rapier.
You die... ....## :)}:

#)# #..## ).) #.#
#### ). #.# ###'#
#.# #$.$#
######.###### #e..#
#..)≈≈.≈≈)..#
#e2.###.))≈≈.≈≈...#
#e###.....≈≈)≈≈....
#@# #.#...≈≈.≈≈...#
#e###.######.######
#J##..)...[....
#######
#.#.............
......#
#.e.........⌠....
......#
#.#..........e...
#######
#.##.........
#.####....... #.#
###....


You could see a deep elf blademaster, a reaper (summoned), a deep elf master
archer, a deep elf annihilator (ally target), 2 deep elf demonologists and a
friendly rockslime (summoned).

Vanquished Creatures
  Bai Suzhen (Swamp:3)
  Arachne (Spider:4)
  Jorgrun (Elf:2)
  Gastronok (D:12)
  4 thorn hunters
  Donald (Elf:2)
  The ghost of bearlyready the Severer, an adept HOGl of Yredelemnul (Swamp:2)
  Aizul (Swamp:3)
  2 deep elf sorcerers
  6 ghost moths (Spider:4)
  4 emperor scorpions (Spider:4)
  An orc warlord (D:12)
  A quicksilver ooze (Lair:6)
  A reaper (IceCv)
  5 deep elf elementalists
  A juggernaut skeleton (D:15)
  An eleionoma (Swamp:3)
  5 deep elf demonologists
  Azrael (Elf:1)
  3 entropy weavers (Spider:4)
  7 bunyips
  3 deep elf annihilators
  Snorg (Orc:1)
  A deep elf death mage (Elf:3)
  4 spark wasps
  3 ettins
  A deep elf high priest (Elf:3)
  Fannar (Orc:1)
  A shambling mangrove (Swamp:3)
  A vault guard (D:14)
  Erica (D:8)
  A great orb of eyes (Lair:6)
  Erolcha (D:9)
  9 boulder beetles
  2 catoblepae
  19 hydras
  An ogre mage (Volcano)
  A ghost crab (Swamp:1)
  20 two-headed ogres
  15 alligators
  4 centaur warriors
  28 dancing weapons
  11 death yaks
  3 orc high priests (Orc:2)
  A spriggan berserker (Swamp:2)
  A tengu warrior (D:15)
  A hell knight (Volcano)
  19 deep elf knights
  Sonja (D:11)
  A deep troll (shapeshifter) (Elf:3)
  A death drake (Swamp:4)
  8 skeletal warriors
  3 bog bodies
  A flayed ghost (D:15)
  8 goliath frogs
  A golden dragon zombie (D:15)
  11 swamp dragons
  A spriggan druid (Swamp:4)
  A phantasmal warrior (D:15)
  7 deep elf archers
  3 lindwurms
  A wizard (Elf:1)
  26 deep elf zephyrmancers
  A necromancer (D:15)
  37 wolf spiders
  19 orb spiders
  An ugly thing (D:13)
  33 deep elf pyromancers
  7 orc knights
  7 cyclopes
  6 orc sorcerers
  A tengu skeleton (D:15)
  3 will-o-the-wisps
  2 manticores
  Maurice (D:9)
  10 moths of wrath
  2 black mambas
  13 elephants
  A black mamba (shapeshifter) (D:14)
  A torpor snail (Spider:4)
  14 cane toads
  A gargoyle (D:12)
  Maggie (D:7)
  3 rime drakes
  An ice statue (IceCv)
  A kobold demonologist (D:12)
  5 komodo dragons
  15 demonic crawlers
  A spriggan zombie (D:15)
  6 trolls
  A tengu conjurer (D:15)
  A freezing wraith (IceCv)
  2 guardian mummies (D:15)
  A queen bee (shapeshifter) (D:15)
  A silent spectre (Orc:1)
  31 jumping spiders
  A bloated husk (Swamp:2)
  4 polar bears
  19 hornets
  26 blink frogs
  A wolf spider simulacrum (D:15)
  9 tyrant leeches
  A dream sheep (Lair:6)
  A raiju (shapeshifter) (D:13)
  2 shadows
  3 air elementals
  A centaur simulacrum (D:15)
  61 redbacks
  A vampire (D:10)
  27 spriggans
  4 water elementals
  47 yaks
  28 tarantellas
  3 wraiths
  7 fire elementals
  A wyvern (D:9)
  4 fire bats (D:14)
  2 steam dragons
  2 death yak simulacra (IceCv)
  17 vampire mosquitoes
  22 swamp worms
  3 acid dragons
  7 wargs
  12 water moccasins
  5 hell hounds
  2 swamp drakes (Swamp:4)
  20 orc warriors
  A sky beast (D:8)
  A hornet zombie (D:5)
  7 black bears
  An ice beast (D:5)
  A necrophage (D:7)
  11 ogres
  13 wolves (Lair:6)
  7 boggarts
  8 centaurs
  3 kobold brigands
  9 bullfrogs
  3 cane toad simulacra (IceCv)
  2 gnoll sergeants (D:8)
  7 scorpions
  2 earth elementals
  8 two-headed ogre simulacra (IceCv)
  A water moccasin zombie (D:6)
  9 killer bees
  4 elephant simulacra (IceCv)
  5 wights
  7 howler monkeys
  3 electric eels
  2 lava snakes (D:14)
  2 bullfrog zombies
  4 centaur zombies
  2 hounds
  A centaur skeleton (D:7)
  A jelly (D:6)
  14 orc priests
  Crazy Yiuf (D:7)
  A gnoll shaman (D:6)
  A bullfrog skeleton (D:7)
  20 orc wizards
  Ijyb (Temple)
  3 iguanas
  Natasha (thrice) (D:4)
  3 troll simulacra (IceCv)
  6 spriggan simulacra (IceCv)
  A killer bee zombie (D:8)
  3 polar bear simulacra (IceCv)
  3 hound zombies (D:5)
  A hound skeleton (D:4)
  2 howler monkey zombies
  Robin (D:4)
  12 gnolls
  2 howler monkey skeletons
  7 naga simulacra (IceCv)
  8 adders
  2 shadow imps
  16 white imps
  6 ufetubi (IceCv)
  2 adder skeletons (D:4)
  A dart slug (D:2)
  54 orcs
  A bat zombie (D:10)
  3 endoplasms
  2 giant cockroaches
  9 goblins
  10 hobgoblins
  5 jackals
  7 kobolds
  5 quokkas
  10 ball pythons
  9 bats
  A frilled lizard (D:1)
  4 rats
  A rat zombie (D:10)
  A briar patch (Swamp:4)
  3 fire vortices (D:14)
1220 creatures vanquished.

Vanquished Creatures (collateral kills)
  A deep elf annihilator (Elf:3)
  A death knight (D:15)
  An orb spider (Spider:1)
  A jumping spider (Spider:4)
  A hornet (Swamp:2)
  A spriggan (Swamp:2)
6 creatures vanquished.

Vanquished Creatures (others)
  Asterion (Spider:3)
  A great orb of eyes (D:12)
  A dancing weapon (Elf:1)
  A spriggan (Swamp:2)
  A deep elf zephyrmancer (Elf:1)
  A wolf spider (Spider:3)
  A deep elf pyromancer (D:12)
  A will-o-the-wisp (Swamp:4)
  A troll (D:13)
  A bloated husk (Swamp:2)
  3 slime creatures
  2 jumping spiders (Spider:4)
  A dream sheep (shapeshifter) (Elf:1)
  A hornet (Swamp:2)
  2 tarantellas (Spider:3)
  A swamp drake (Swamp:3)
  2 orc warriors
  A centaur (D:11)
  3 orc priests
  80 jellies
  An orc wizard (D:12)
  8 orcs
  2 briar patches (Swamp:4)
  14 foxfires
  42 fungi
  46 plants
  8 withered plants (D:15)
227 creatures vanquished.

Grand Total: 1453 creatures vanquished

Notes
Turn   | Place    | Note
-------+----------+-------------------------------------------
     0 | D:1      | RepHenryClay the Minotaur Gladiator began the quest for the
                  | Orb.
     0 | D:1      | Reached XP level 1. HP: 18/18 MP: 0/0
   213 | D:1      | Reached XP level 2. HP: 9/25 MP: 1/1
   535 | D:1      | Reached skill level 5 in Staves
   737 | D:1      | Reached XP level 3. HP: 30/30 MP: 2/2
  1315 | D:2      | Found Ulojitox's Assorted Antiques.
  1638 | D:2      | Found a shimmering altar of Xom.
  1687 | D:2      | Reached skill level 1 in Armour
  1808 | D:3      | Reached XP level 4. HP: 30/37 MP: 3/3
  2062 | D:3      | Found a runed translucent gate.
  2062 | D:3      | Found a runed translucent gate.
  2062 | D:3      | Found a runed translucent gate.
  2068 | D:3      | Noticed Strat's ghost (amateur NaHu)
  2118 | D:3      | Found a faded altar of an unknown god.
  2190 | D:3      | Reached skill level 2 in Armour
  2720 | D:4      | Found a staircase to the Ecumenical Temple.
  2727 | D:4      | Noticed Ijyb
  2731 | Temple   | Entered the Ecumenical Temple
  3079 | D:4      | Reached XP level 5. HP: 42/42 MP: 4/4
  3101 | Temple   | Killed Ijyb
  3102 | Temple   | Reached skill level 3 in Armour
  3141 | D:4      | Noticed Robin
  3158 | D:4      | Killed Robin
  3514 | D:4      | Noticed Natasha
  3521 | D:4      | Killed Natasha
  3587 | D:4      | Reached XP level 6. HP: 50/50 MP: 5/5
  3609 | D:4      | Reached skill level 4 in Armour
  3625 | D:4      | Noticed Natasha
  3633 | D:4      | Killed Natasha
  3788 | D:5      | Entered Level 5 of the Dungeon
  3804 | D:5      | Reached skill level 5 in Armour
  3870 | D:5      | Reached XP level 7. HP: 34/56 MP: 6/6
  4049 | D:5      | Noticed a two-headed ogre
  4063 | D:5      | Killed a two-headed ogre
  4064 | D:5      | Reached skill level 7 in Armour
  4064 | D:5      | Reached XP level 8. HP: 28/62 MP: 7/7
  4331 | D:5      | Reached skill level 8 in Armour
  4409 | D:5      | Reached skill level 10 in Staves
  4850 | D:5      | Reached skill level 9 in Armour
  5014 | D:4      | Noticed Natasha
  5022 | D:4      | Killed Natasha
  5478 | D:6      | Reached XP level 9. HP: 68/68 MP: 8/8
  5794 | D:6      | Reached skill level 10 in Armour
  6551 | D:7      | Noticed Maggie
  6571 | D:7      | Killed Maggie
  6572 | D:7      | Reached skill level 11 in Armour
  6943 | D:7      | Found a runed translucent door.
  6944 | D:7      | Noticed Crazy Yiuf
  6949 | D:7      | Killed Crazy Yiuf
  6951 | D:7      | Identified the +1 mace of Eternal Harmony {drain, rElec
                  | Will- rCorr Str+7}
  7021 | D:7      | Identified a scroll of acquirement
  7021 | D:7      | Acquired the amulet "Nugiullowo" {Reflect +Blink rPois
                  | rCorr SH+5}
  7098 | D:7      | Reached XP level 10. HP: 71/74 MP: 9/9
  7201 | D:8      | Noticed a two-headed ogre
  7209 | D:8      | Killed a two-headed ogre
  7210 | D:8      | Reached skill level 12 in Armour
  7224 | D:8      | Noticed a deep elf pyromancer
  7231 | D:8      | Killed a deep elf pyromancer
  7827 | D:8      | Noticed Erica
  7959 | D:8      | Killed Erica
  7960 | D:8      | Reached skill level 13 in Armour
  8383 | D:8      | Found a staircase to the Lair.
  8609 | Lair:1   | Entered Level 1 of the Lair of Beasts
  8908 | Lair:1   | Noticed a cane toad
  8909 | Lair:1   | Reached skill level 5 in Dodging
  8922 | Lair:1   | Killed a cane toad
  8923 | Lair:1   | Reached skill level 5 in Fighting
  8923 | Lair:1   | Reached XP level 11. HP: 61/86 MP: 10/10
 10004 | Lair:1   | Reached skill level 14 in Armour
 10608 | Lair:2   | Found a shadowy altar of Dithmenos.
 10884 | Lair:2   | Identified the +4 war axe of Deflation {flame, rElec rC-
                  | Will+++ Int-5}
 11562 | Lair:3   | Noticed a death yak
 11562 | Lair:3   | Noticed a death yak
 11562 | Lair:3   | Noticed a death yak
 11562 | Lair:3   | Noticed a death yak
 11570 | Lair:3   | Noticed a death yak
 11586 | Lair:3   | Killed a death yak
 11597 | Lair:3   | Killed a death yak
 11611 | Lair:2   | Reached skill level 15 in Armour
 11846 | Lair:3   | Reached XP level 12. HP: 79/101 MP: 11/11
 12236 | Lair:3   | Found a hole to the Spider Nest.
 12280 | Lair:3   | Killed a death yak
 12285 | Lair:3   | Killed a death yak
 12293 | Lair:3   | Killed a death yak
 12923 | Lair:4   | Reached skill level 16 in Armour
 12929 | Lair:4   | Reached skill level 5 in Throwing
 12976 | Lair:4   | Found a dark tunnel.
 12981 | Volcano  | Entered a volcano
 12997 | Volcano  | Noticed an ogre mage
 13173 | Volcano  | Noticed a two-headed ogre
 13173 | Volcano  | Noticed a two-headed ogre
 13180 | Volcano  | Killed an ogre mage
 13198 | Volcano  | Killed a two-headed ogre
 13201 | Volcano  | Killed a two-headed ogre
 13250 | Volcano  | Noticed a two-headed ogre
 13250 | Volcano  | Noticed a two-headed ogre
 13343 | Volcano  | Noticed a two-headed ogre
 13358 | Volcano  | Killed a two-headed ogre
 13375 | Volcano  | Noticed a two-headed ogre
 13401 | Volcano  | Killed a two-headed ogre
 13404 | Volcano  | Killed a two-headed ogre
 13434 | Volcano  | Found a radiant altar of Vehumet.
 13457 | Volcano  | Killed a two-headed ogre
 13778 | Lair:4   | Reached XP level 13. HP: 108/111 MP: 12/12
 14154 | Lair:4   | Found a staircase to the Swamp.
 15434 | Lair:5   | Acquired the +4 lajatang "Ogreslayer" {elec, rF+ rC+}
 15636 | Lair:5   | Reached skill level 10 in Throwing
 15803 | Lair:6   | Entered Level 6 of the Lair of Beasts
 15902 | Lair:6   | Found a frozen archway.
 16082 | IceCv    | Entered an ice cave
 16278 | IceCv    | Noticed a reaper
 16311 | IceCv    | Killed a reaper
 17416 | Lair:6   | Reached XP level 14. HP: 118/118 MP: 13/13
 17611 | Lair:6   | Identified the +7 short sword of the Unspeakable One
                  | {spect, rF- Str-2 Int+10 SInv}
 17845 | Lair:6   | Found a staircase to the Slime Pits.
 18647 | Slime:1  | Entered Level 1 of the Pits of Slime
 18647 | Slime:1  | Noticed a quicksilver ooze
 18659 | Lair:6   | Killed a quicksilver ooze
 19062 | D:9      | Found Coed's Antique Armour Emporium.
 19174 | D:9      | Noticed Maurice
 19182 | D:9      | Killed Maurice
 19273 | D:9      | Noticed Erolcha
 19686 | D:9      | Killed Erolcha
 20011 | D:10     | Entered Level 10 of the Dungeon
 20263 | D:10     | Found a transporter.
 20266 | D:10     | Found a transporter.
 20268 | D:10     | Found a viscous altar of Jiyva.
 20614 | D:10     | Found an ancient bone altar of Kikubaaqudgha.
 20743 | D:10     | Became a worshipper of Jiyva Jouxzaju the Shapeless
 20753 | D:10     | Identified the +8 longbow of Ziowk {flame, Will+}
 21012 | D:11     | Reached skill level 10 in Fighting
 21019 | D:11     | Reached * piety under Jiyva
 21044 | D:11     | Noticed Sonja
 21082 | D:11     | Killed Sonja
 21386 | D:12     | Noticed Gastronok
 21398 | D:12     | Killed Gastronok
 21399 | D:12     | Reached skill level 17 in Armour
 21428 | D:12     | Identified the +3 scale mail "Vusak" {Fly rN+ Stlth-}
 21449 | D:12     | Found a staircase to the Orcish Mines.
 21486 | D:12     | Identified the +3 battleaxe "Asats" {speed, *Slow rC+
                  | Str+10}
 21570 | D:12     | Reached ** piety under Jiyva
 21667 | D:12     | Found a runed translucent door.
 22201 | D:12     | Reached skill level 10 in Dodging
 22350 | Orc:1    | Entered Level 1 of the Orcish Mines
 22350 | Orc:1    | Reached *** piety under Jiyva
 22357 | Orc:1    | Noticed an orc warlord
 22405 | D:12     | Killed an orc warlord
 22517 | Orc:2    | Entered Level 2 of the Orcish Mines
 22517 | Orc:2    | Found a staircase to the Elven Halls.
 22567 | Orc:1    | Gained mutation: Your rubbery body absorbs attacks. (AC +1,
                  | EV +1) [Jiyva's grace]
 22567 | Orc:1    | Gained mutation: Your pliable body absorbs attacks. (AC +2,
                  | EV +2) [Jiyva's grace]
 22567 | Orc:1    | Gained mutation: Your gelatinous body deflects attacks. (AC
                  | +3, EV +3) [Jiyva's grace]
 22567 | Orc:1    | Gained mutation: Your system is resistant to poisons.
                  | (rPois) [Jiyva's grace]
 22814 | Orc:1    | Noticed Fannar
 22836 | Orc:1    | Killed Fannar
 22837 | Orc:1    | Reached XP level 15. HP: 126/129 MP: 14/14
 22879 | Orc:1    | Noticed Snorg
 22895 | Orc:1    | Killed Snorg
 22896 | Orc:1    | Reached skill level 18 in Armour
 23004 | Orc:1    | Reached **** piety under Jiyva
 23065 | Orc:1    | Found a transporter.
 23217 | Orc:1    | Found a transporter.
 23217 | Orc:1    | Found a runed translucent door.
 23217 | Orc:1    | Found a bloodstained altar of Trog.
 23217 | Orc:1    | Found the +8 Wrath of Trog {antimagic, *Rage Rampage}
 23519 | Orc:1    | Identified the +2 plate armour of Joy {Dex+4 SInv}
 23524 | Orc:1    | Identified the +3 executioner's axe of the Sun {venom,
                  | rElec rF- Int+3}
 23557 | Orc:1    | Paralysed by an orc sorcerer for 2 turns
 23972 | Orc:2    | Reached skill level 19 in Armour
 24380 | Orc:2    | Found Birifus's Distillery.
 24380 | Orc:2    | Reached ***** piety under Jiyva
 24380 | Orc:2    | Found Ruuvvaz's Antique Weapon Shop.
 24382 | Orc:2    | Found Goiw's Magic Scroll Shoppe.
 24382 | Orc:2    | Found Vebi Sia's Armour Shop.
 24389 | Orc:2    | Bought a potion of cancellation for 112 gold pieces
 24389 | Orc:2    | Bought a potion of heal wounds for 70 gold pieces
 24399 | Orc:2    | Bought a scroll of brand weapon for 260 gold pieces
 24817 | D:13     | Lost mutation: Your system is resistant to poisons. (rPois)
                  | [Jiyva's grace]
 24817 | D:13     | Gained mutation: You have a pair of large horns on your
                  | head. [Jiyva's grace]
 24817 | D:13     | Gained mutation: You are covered in fur. (AC +1) [Jiyva's
                  | grace]
 24817 | D:13     | Gained mutation: You are covered in thick fur. (AC +2)
                  | [Jiyva's grace]
 24817 | D:13     | Gained mutation: Your thick and shaggy fur keeps you warm.
                  | (AC +3, rC+) [Jiyva's grace]
 25616 | D:14     | Found a burning altar of Makhleb.
 25693 | D:14     | Identified the +9 executioner's axe "Vogo" {venom, rElec
                  | rN+ Str+3}
 25787 | D:15     | Entered Level 15 of the Dungeon
 25911 | D:15     | Reached skill level 20 in Armour
 25990 | D:15     | Found a staircase to the Depths.
 25991 | D:15     | Identified the +0 leather armour of Casah {+Blink Dex+4}
 25994 | D:15     | Reached XP level 16. HP: 141/141 MP: 15/15
 26098 | D:15     | Noticed Sapheram's ghost (journeyman DsGl)
 26099 | D:15     | Found a transporter.
 26112 | D:15     | Found a transporter.
 26507 | D:15     | Upgraded the game from 0.28-a0-1038-g9c4cb8273d to
                  | 0.28-a0-1080-g05a166d0ed
 26691 | Spider:1 | Entered Level 1 of the Spider Nest
 26765 | Spider:1 | Reached ****** piety under Jiyva
 27268 | Spider:2 | Lost mutation: You have a pair of large horns on your head.
                  | [Jiyva's grace]
 27268 | Spider:2 | Gained mutation: You have supernaturally acute eyesight.
                  | (SInv) [Jiyva's grace]
 27268 | Spider:2 | Gained mutation: Your translucent skin slightly reduces
                  | your foes' accuracy. (Stealth+) [Jiyva's grace]
 27268 | Spider:2 | Gained mutation: Your translucent skin reduces your foes'
                  | accuracy. (Stealth+) [Jiyva's grace]
 27268 | Spider:2 | Gained mutation: Your transparent skin significantly
                  | reduces your foes' accuracy. (Stealth+) [Jiyva's grace]
 27330 | Spider:2 | Reached skill level 21 in Armour
 27923 | Spider:3 | Noticed Asterion
 27925 | Spider:3 | Noticed an Executioner
 27939 | Spider:3 | Killed Asterion
 28634 | Spider:4 | Entered Level 4 of the Spider Nest
 28802 | Spider:4 | Reached skill level 22 in Armour
 28844 | Spider:4 | Reached XP level 17. HP: 154/154 MP: 16/16
 29076 | Spider:4 | Noticed Arachne
 29119 | Spider:4 | Killed Arachne
 29120 | Spider:4 | Reached skill level 15 in Fighting
 29728 | Spider:4 | Reached skill level 23 in Armour
 29974 | Spider:4 | Got a gossamer rune of Zot
 30215 | Swamp:1  | Entered Level 1 of the Swamp
 30598 | Swamp:1  | Lost mutation: Your thick and shaggy fur keeps you warm.
                  | (AC +3, rC+) [Jiyva's grace]
 30598 | Swamp:1  | Lost mutation: Your gelatinous body deflects attacks. (AC
                  | +3, EV +3) [Jiyva's grace]
 30598 | Swamp:1  | Lost mutation: Your transparent skin significantly reduces
                  | your foes' accuracy. (Stealth+) [Jiyva's grace]
 30598 | Swamp:1  | Lost mutation: Your translucent skin reduces your foes'
                  | accuracy. (Stealth+) [Jiyva's grace]
 30598 | Swamp:1  | Gained mutation: Your gelatinous body deflects attacks. (AC
                  | +3, EV +3) [Jiyva's grace]
 30598 | Swamp:1  | Gained mutation: Armour fits poorly on your pseudopods.
                  | [Jiyva's grace]
 30598 | Swamp:1  | Gained mutation: Armour fits poorly on your large
                  | pseudopods. [Jiyva's grace]
 30598 | Swamp:1  | Gained mutation: Armour fits poorly on your massive
                  | pseudopods. [Jiyva's grace]
 30797 | Swamp:2  | Found a transporter.
 30799 | Swamp:2  | Noticed bearlyready's ghost (adept HOGl)
 30803 | Swamp:2  | Identified the +9 rapier of Defiance {vorpal, rF- rN+++
                  | Dex-3 SInv}
 31080 | Swamp:2  | Found a transporter.
 31331 | Swamp:2  | Found a bloodstained altar of Trog.
 31387 | Swamp:2  | Reached skill level 15 in Dodging
 31388 | Swamp:2  | Killed bearlyready's ghost
 31683 | Swamp:3  | Reached XP level 18. HP: 166/166 MP: 17/17
 31817 | Swamp:3  | Noticed Aizul
 31829 | Swamp:3  | Killed Aizul
 31839 | Swamp:3  | Noticed Bai Suzhen
 31898 | Swamp:3  | Reached skill level 24 in Armour
 31918 | Swamp:3  | Killed Bai Suzhen
 32050 | Swamp:3  | Identified the +2 leather armour of Evolution {rPois}
 32158 | Swamp:4  | Entered Level 4 of the Swamp
 32470 | Swamp:4  | Got a decaying rune of Zot
 32485 | Swamp:4  | Identified the +8 glaive "Tormentor" {vorpal, rElec Str+5
                  | Int+4 Dex-3}
 33240 | Elf:1    | Entered Level 1 of the Elven Halls
 33264 | Elf:1    | Reached skill level 1 in Evocations
 33430 | Elf:1    | Lost mutation: Armour fits poorly on your massive
                  | pseudopods. [Jiyva's grace]
 33430 | Elf:1    | Lost mutation: Armour fits poorly on your large pseudopods.
                  | [Jiyva's grace]
 33430 | Elf:1    | Gained mutation: Your mind is acute. (Int +2) [Jiyva's
                  | grace]
 33430 | Elf:1    | Gained mutation: Your mind is very acute. (Int +4) [Jiyva's
                  | grace]
 33430 | Elf:1    | Gained mutation: Your system is resistant to poisons.
                  | (rPois) [Jiyva's grace]
 33430 | Elf:1    | Gained mutation: Your thick and shaggy fur keeps you warm.
                  | (AC +3, rC+) [Jiyva's grace]
 33433 | Elf:1    | Gained mutation: Armour fits poorly on your strangely
                  | shaped body. [a cacodemon]
 33509 | Elf:1    | Paralysed by an air elemental for 1 turns
 33709 | Elf:1    | Reached skill level 5 in Evocations
 33804 | Elf:1    | Found Voluj's Antique Armour Boutique.
 33932 | Elf:1    | Noticed Azrael
 33955 | Elf:1    | Killed Azrael
 33984 | Elf:1    | Identified the +6 chain mail "Ever" {rF+}
 34586 | Elf:2    | Reached XP level 19. HP: 177/177 MP: 18/18
 34634 | Elf:2    | Paralysed by an air elemental for 1 turns
 34687 | Elf:2    | Noticed Jorgrun
 34698 | Elf:2    | Killed Jorgrun
 34746 | Elf:2    | Noticed Donald
 34754 | Elf:2    | Killed Donald
 34904 | Elf:2    | Found a runed translucent gate.
 34904 | Elf:2    | Found a runed translucent gate.
 34904 | Elf:2    | Found a runed translucent gate.
 35395 | Elf:2    | Lost mutation: Your system is resistant to poisons. (rPois)
                  | [Jiyva's grace]
 35395 | Elf:2    | Lost mutation: Your thick and shaggy fur keeps you warm.
                  | (AC +3, rC+) [Jiyva's grace]
 35395 | Elf:2    | Lost mutation: You are covered in thick fur. (AC +2)
                  | [Jiyva's grace]
 35395 | Elf:2    | Lost mutation: You are covered in fur. (AC +1) [Jiyva's
                  | grace]
 35395 | Elf:2    | Lost mutation: Your gelatinous body deflects attacks. (AC
                  | +3, EV +3) [Jiyva's grace]
 35395 | Elf:2    | Lost mutation: Your pliable body absorbs attacks. (AC +2,
                  | EV +2) [Jiyva's grace]
 35395 | Elf:2    | Lost mutation: Armour fits poorly on your pseudopods.
                  | [Jiyva's grace]
 35395 | Elf:2    | Gained mutation: Your body has grown eyes which may confuse
                  | attackers. (Acc +3) [Jiyva's grace]
 35395 | Elf:2    | Gained mutation: Your body has grown many eyes which may
                  | confuse attackers. (Acc +5) [Jiyva's grace]
 35395 | Elf:2    | Gained mutation: Your body is covered in eyes which may
                  | confuse attackers. (Acc +7, SInv) [Jiyva's grace]
 35395 | Elf:2    | Gained mutation: You are partially covered in iridescent
                  | scales. (AC +2) [Jiyva's grace]
 35628 | Elf:3    | Entered Level 3 of the Elven Halls
 35737 | Elf:3    | Reached skill level 10 in Evocations
 35860 | Elf:3    | Found Fimer's Armour Emporium.
 35945 | Elf:1    | Bought a runed buckler for 255 gold pieces
 36601 | Elf:3    | Noticed a Brimstone Fiend
 36698 | Elf:3    | HP: 2/177 [reaper[a deep elf demonologist] (22)]
 36699 | Elf:3    | Slain by a deep elf blademaster

Illustrated notes

Levels and vault maps discovered:
D:1:      erik_arrival_triangle_medium, layout_basic, minmay_tromino_mix6
D:2:      layout_basic, serial_shops, shop, basic_altar
D:3:      layout_basic, gammafunk_ghost_necromancy,
          hellmonk_ecumenical_altar_arch_garden
D:4:      layout_loops_ring, minmay_temple_entry_mist, uniq_ijyb, uniq_natasha,
          uniq_robin
D:5:      layout_rooms, hangedman_decor_growths, minmay_misc_feat_pillars,
          grunt_ministairs_12
D:6:      minmay_angry_zag, layout_basic, kennysheep_path_1
D:7:      layout_basic, uniq_crazy_yiuf_cottage, uniq_maggie
D:8:      minmay_ornate_pinched, layout_basic, dpeg_oklobed_lair, uniq_erica
D:9:      layout_gridville, serial_shops, nicolae_shop_crystal, uniq_erolcha,
          uniq_maurice
D:10:     gammafunk_jiyva_shrine, layout_irregular_city,
          lemuel_zombie_altar_kikubaaqudgha, kennysheep_cluttered_room
D:11:     layout_cave_pools, kennysheep_generic_room_10, uniq_sonja
D:12:     layout_irregular_city, orc_0_dummy, kennysheep_pointless_box,
          serial_park_tiny_pond, minmay_st_funbox, uniq_gastronok
D:13:     layout_roguey, minmay_protected_statue
D:14:     layout_basic, david_vaults_5, bloody_makhleb, serial_glass,
          glass_columns_b, glass_columns_b, hangedman_incinerator
D:15:     gammafunk_depths_entry_grave, layout_rooms,
          gammafunk_ghost_stat_death, minmay_misc_feat_secret_circle
Temple:   mainiacjoe_temple_circle_huts
Lair:1:   layout_long_grid
Lair:2:   layout_long_grid, lemuel_centaur_altar, grunt_megastairs_2,
          infiniplex_staircase_pool
Lair:3:   layout_loops_ring, spider_nest_entry_rubble
Lair:4:   layout_regular_city, nicolae_swamp_entry_splash_gauntlet,
          nicolae_volcano_entry_s_turn, beast_lair_carwin_2
Lair:5:   layout_cave_pods
Lair:6:   minmay_lair_end_enchanted_forest, layout_layer_cave,
          dpeg_slime_entry_corner, portal_ice_cave_entry_imps
Swamp:1:  layout_falls_marsh, evilmike_swamp_ruin_house_3, swamp_pool1
Swamp:2:  layout_basic_swamp, gammafunk_ghost_wrathful_warriors,
          evilmike_swamp_ruin_house_4, swamp_pool1, nicolae_swamp_trees_clearing
Swamp:3:  layout_basic_swamp, evilmike_swamp_ruin_rubble_1, uniq_bai_suzhen,
          uniq_aizul
Swamp:4:  swamp_alternative, layout_basic_swamp
Spider:1: layout_spider_delve
Spider:2: layout_spider_delve
Spider:3: layout_spider_delve, nicolae_spider_nooks_and_crannies, uniq_asterion
Spider:4: johnstein_spider_rune_arachne_lair, spiders_nest_spider_trap
Slime:1:  layout_caves, basic_altar
Orc:1:    emtedronai_trogs_sanctum, layout_caves, uniq_snorg, uniq_fannar
Orc:2:    grunt_orc_tribal_feast, layout_caves, minmay_orc_temple_a
Elf:1:    eino_elf_arrival_customs, layout_geoelf_grid, serial_shops,
          nicolae_take_the_stairs, hangedman_elf_disciples, uniq_azrael
Elf:2:    elven_hall_of_blades_hangedman_original
          [nicolae_blade_entry_hurt_lockers], layout_geoelf_grid,
          minmay_fountain_box, lemuel_flamethrower_2, uniq_donald, uniq_jorgrun
Elf:3:    elf_hall_gauntlet_narrow, layout_gridlike, serial_shops,
          nicolae_shop_crystal

Skill      XL: |  1  2  3  4  5  6  7  8  9 10 11 12 13 14 15 16 17 18 19 |
---------------+----------------------------------------------------------+-----
Staves         | 4 5 6 7 8 9 11 12 14 | 14.0
Armour         | 1 2 3 5 7 9 11 13 15 16 17 20 22 23 24 | 24.9
Fighting       | 5 8 9 11 12 14 16 17 | 17.1
Dodging        | 5 7 8 10 12 13 15 | 15.9
Throwing       | 3 8 13 14 | 14.9
Evocations     | 7 11 | 11.2

Action                   |  1- 3 |  4- 6 |  7- 9 | 10-12 | 13-15 | 16-18 | 19-21 || total
-------------------------+-------+-------+-------+-------+-------+-------+-------++-------
Melee: Quarterstaff      |    75 |   135 |   306 |   333 |    40 |    53 |       ||   942
       Headbutt          |    10 |    32 |    68 |   140 |   331 |   454 |   100 ||  1135
       Lajatang          |       |       |       |   222 |  1287 |  1482 |   309 ||  3300
       Pseudopods        |       |       |       |       |       |   174 |    26 ||   200
Throw: Throwing net      |       |       |     3 |       |       |       |       ||     3
       Dart              |       |       |     9 |    43 |    18 |    50 |     2 ||   122
       Javelin           |       |       |       |       |    10 |     2 |     5 ||    17
Invok: Oozemancy         |       |       |       |       |       |     4 |       ||     4
       Slimify           |       |       |       |       |       |     2 |       ||     2
Evoke: Wand              |       |       |       |     5 |     8 |     2 |       ||    15
       Condenser vane    |       |       |       |       |       |     2 |     1 ||     3
  Use: Scroll            |       |       |    16 |     3 |    13 |     5 |     8 ||    45
       Potion            |       |       |       |     2 |     5 |     2 |     1 ||    10
 Stab: Distracted        |     1 |       |       |       |       |       |       ||     1
       Held in net/web   |       |       |     2 |       |       |       |       ||     2
       Petrified         |       |       |       |       |     5 |       |       ||     5
       Petrifying        |       |       |       |       |     1 |       |       ||     1
       Invisible         |       |       |       |       |     2 |       |       ||     2
       Confused          |       |       |       |       |       |     6 |     1 ||     7
Armor: Leather armour    |    26 |       |       |       |       |       |       ||    26
       Plate armour      |    12 |    96 |   127 |   127 |    92 |   541 |    77 ||  1072
       Chain mail        |       |       |       |     5 |   243 |       |       ||   248
Dodge: Dodged            |    45 |    37 |   180 |   291 |   926 |  1994 |   177 ||  3650
Block: Other             |       |       |       |    83 |   258 |   401 |    38 ||   780
       Reflection        |       |       |       |     2 |     5 |     4 |     2 ||    13

Table legend: (Time is in decaauts)
 A = Elapsed time spent in this place.
 B = Non-inter-level travel time spent in this place.
 C = Inter-level travel time spent in this place.
 D = Time resting spent in this place.
 E = Time spent auto-exploring this place.
 F = Levels seen in this place.
 G = Mean time per level.
                   A        B        C        D        E       F      G
               +--------+--------+--------+--------+--------+-----+--------+
         Total |  35537 |  33346 |   2191 |   2844 |  22724 |  38 |  935.2 |
       Dungeon |  13686 |  12867 |    819 |   1063 |   9492 |  15 |  912.4 |
        Temple |    386 |    363 |     23 |      0 |    298 |   1 |  386.0 |
          Lair |   8885 |   8163 |    722 |    888 |   5936 |   6 | 1480.8 |
         Swamp |   2628 |   2483 |    145 |    239 |   1431 |   4 |  657.0 |
   Spider Nest |   3229 |   3078 |    151 |      0 |   2041 |   4 |  807.2 |
    Slime Pits |      3 |      3 |      0 |      0 |      0 |   1 |    3.0 |
  Orcish Mines |   1969 |   1834 |    135 |    245 |    953 |   2 |  984.5 |
   Elven Halls |   3327 |   3133 |    194 |    142 |   2046 |   3 | 1109.0 |
      Ice Cave |    687 |    687 |      0 |    137 |    315 |   1 |  687.0 |
       Volcano |    734 |    734 |      0 |    127 |    211 |   1 |  734.0 |
               +--------+--------+--------+--------+--------+-----+--------+

Top non-repeatable levels by time:
  Lair:6: 2228 daAuts
  Lair:1: 1695 daAuts
     D:5: 1468 daAuts
     D:8: 1425 daAuts
Spider:4: 1358 daAuts
  Lair:3: 1354 daAuts
  Lair:4: 1349 daAuts
   Orc:1: 1290 daAuts
  Lair:2: 1288 daAuts
   Elf:2: 1183 daAuts
     D:1: 1157 daAuts
   Elf:1: 1139 daAuts
    D:12: 1044 daAuts
     D:6: 1024 daAuts
   Elf:3: 1004 daAuts
